General information
- name: BNet
- type: Ladder team game (AT/RT)
- host: Battle.net
- saver: DoDaDip
map: Deadlock
- players: 8
- length: 47:41
- speed: Fast
- version: 1.28 W3XP
- replay type: Public
» download(423 KB)
Players
team 1 (loser)

»
4v4zzz (
yellow | 64 APM | 2481 actions | 38:48)
7 Blademaster
3 Wind Walk
3 Critical Strike
1 Bladestorm
2 Shadow Hunter
2 Healing Wave
» actions
| Assign group hotkey | 48 | |
| Basic commands | 36 | |
| Build / train | 60 | |
| Enter build submenu | 18 | |
| Enter hero's abilities submenu | 8 | |
| Give item / drop item | 2 | |
| Right click | 1225 | |
| Select / deselect | 671 | |
| Select group hotkey | 283 | |
| Use ability | 129 | |
2481 total
» units
| Peon | 9 | |
| Grunt | 6 | |
| Wind Rider | 11 | |
| Troll Batrider | 10 | |
36 total
» upgrades
| Ranged Weapons | 1 | |
| Envenomed Spears | 1 | |
2 total
» buildings
| Altar of Storms | 2 | |
| Orc Burrow | 10 | |
| Barracks | 1 | |
| Voodoo Lounge | 1 | |
| Stronghold | 1 | |
| War Mill | 1 | |
| Beastiary | 2 | |
| Fortress | 1 | |
| Great Hall | 2 | |
21 total
» build order
00:18 Altar of Storms
00:23 Orc Burrow
00:28 Barracks
01:42 Orc Burrow
01:55 Voodoo Lounge
03:36 Stronghold
04:05 Orc Burrow
05:03 War Mill
05:33 Orc Burrow
06:13 Beastiary
06:14 Beastiary
06:37 Orc Burrow
08:14 Fortress
18:01 Great Hall
18:06 Orc Burrow
18:27 Orc Burrow
26:45 Altar of Storms
26:48 Orc Burrow
26:49 Orc Burrow
26:55 Great Hall
27:29 Orc Burrow
» items
| Circlet of Nobility | 1 | |
| Healing Salve | 1 | |
| Scroll of Town Portal | 3 | |
| Orb of Lightning | 1 | |
| Staff of Teleportation | 1 | |
| Lesser Clarity Potion | 1 | |
8 total
Zero3 (
teal | 61 APM | 2374 actions | 38:55)
6 Paladin
3 Holy Light
2 Divine Shield
1 Resurrection
4 Blood Mage
2 Siphon Mana
2 Flame Strike
» actions
| Assign group hotkey | 47 | |
| Basic commands | 133 | |
| Build / train | 108 | |
| Enter build submenu | 35 | |
| Enter hero's abilities submenu | 10 | |
| Give item / drop item | 1 | |
| Right click | 873 | |
| Select / deselect | 430 | |
| Select group hotkey | 593 | |
| Use ability | 144 | |
2374 total
» units
| Peasant | 11 | |
| Footman | 4 | |
| Rifleman | 26 | |
| Mortar Team | 5 | |
| Flying Machine | 1 | |
47 total
» upgrades
| Gunpowder | 3 | |
| Armor | 3 | |
| Long Rifles | 1 | |
| Lumber Harvesting | 2 | |
| Fragmentation Shards | 1 | |
| Flare | 1 | |
| Masonry | 1 | |
12 total
» buildings
| Altar of Kings | 1 | |
| Farm | 10 | |
| Barracks | 1 | |
| Arcane Vault | 1 | |
| Blacksmith | 1 | |
| Town Hall | 1 | |
| Scout Tower | 18 | |
| Lumber Mill | 1 | |
| Guard Tower | 8 | |
| Keep | 1 | |
| Castle | 1 | |
| Workshop | 2 | |
46 total
» build order
00:18 Altar of Kings
00:28 Farm
00:43 Farm
00:48 Barracks
02:11 Farm
02:26 Arcane Vault
03:11 Blacksmith
03:18 Farm
03:24 Farm
04:47 Town Hall
05:30 Scout Tower
05:31 Scout Tower
05:33 Scout Tower
05:36 Scout Tower
05:39 Scout Tower
05:41 Scout Tower
05:45 Scout Tower
05:55 Lumber Mill
07:05 Guard Tower
07:12 Guard Tower
07:21 Guard Tower
07:46 Guard Tower
09:30 Keep
15:14 Castle
15:28 Workshop
15:29 Workshop
15:55 Farm
15:56 Farm
20:45 Scout Tower
21:21 Scout Tower
21:24 Guard Tower
22:10 Guard Tower
23:01 Farm
23:02 Farm
23:03 Farm
27:29 Scout Tower
27:31 Scout Tower
27:33 Scout Tower
27:34 Scout Tower
27:35 Scout Tower
27:37 Scout Tower
27:39 Scout Tower
27:41 Scout Tower
27:43 Scout Tower
28:12 Guard Tower
29:06 Guard Tower
» items
| Scroll of Regeneration | 8 | |
| Lesser Clarity Potion | 9 | |
| Scroll of Town Portal | 4 | |
| Potion of Healing | 2 | |
| Staff of Sanctuary | 1 | |
| Potion of Mana | 1 | |
25 total
FIX-URNET-BOB (
blue | 70 APM | 3324 actions | 47:40)
9 Blademaster
3 Wind Walk
3 Critical Strike
1 Bladestorm
2 Mirror Image
» actions
| Assign group hotkey | 58 | |
| Basic commands | 329 | |
| Build / train | 109 | |
| Enter build submenu | 39 | |
| Enter hero's abilities submenu | 9 | |
| Give item / drop item | 5 | |
| Remove unit from queue | 2 | |
| Right click | 1179 | |
| Select / deselect | 437 | |
| Select group hotkey | 930 | |
| Use ability | 226 | |
3324 total
» units
| Peon | 21 | |
| Grunt | 3 | |
| Wind Rider | 9 | |
| Troll Batrider | 21 | |
| Raider | 1 | |
55 total
» upgrades
| Reinforced Defenses | 1 | |
| Armor | 2 | |
| Ranged Weapons | 2 | |
| Liquid Fire | 1 | |
| Ensnare | 1 | |
| Melee Weapons | 2 | |
| Envenomed Spears | 1 | |
| Pillage | 1 | |
11 total
» buildings
| Altar of Storms | 1 | |
| Orc Burrow | 6 | |
| Barracks | 1 | |
| Voodoo Lounge | 2 | |
| Stronghold | 2 | |
| War Mill | 1 | |
| Great Hall | 4 | |
| Watch Tower | 35 | |
| Fortress | 2 | |
| Beastiary | 3 | |
57 total
» build order
00:14 Altar of Storms
00:23 Orc Burrow
00:48 Barracks
01:25 Orc Burrow
01:46 Voodoo Lounge
01:57 Voodoo Lounge
03:16 Stronghold
03:16 Stronghold
03:39 War Mill
04:13 Great Hall
04:29 Orc Burrow
06:05 Watch Tower
06:06 Watch Tower
06:07 Watch Tower
06:38 Fortress
06:38 Fortress
06:55 Beastiary
07:38 Great Hall
08:01 Watch Tower
08:33 Beastiary
09:57 Watch Tower
09:57 Watch Tower
10:05 Watch Tower
10:10 Watch Tower
10:40 Watch Tower
10:41 Watch Tower
11:36 Watch Tower
11:37 Watch Tower
11:37 Watch Tower
11:46 Watch Tower
11:51 Watch Tower
12:53 Watch Tower
12:53 Watch Tower
13:19 Watch Tower
13:20 Watch Tower
14:03 Beastiary
14:48 Orc Burrow
15:31 Orc Burrow
15:49 Watch Tower
17:55 Watch Tower
17:57 Watch Tower
20:47 Watch Tower
22:57 Orc Burrow
25:15 Watch Tower
25:15 Watch Tower
25:16 Watch Tower
25:16 Watch Tower
26:22 Great Hall
26:24 Watch Tower
26:25 Watch Tower
26:25 Watch Tower
27:47 Watch Tower
27:47 Watch Tower
27:48 Watch Tower
28:53 Watch Tower
28:54 Watch Tower
33:18 Great Hall
» items
| Healing Salve | 6 | |
| Orb of Lightning | 1 | |
| Scroll of Town Portal | 5 | |
| Potion of Lesser Invulnerability | 2 | |
| Boots of Speed | 1 | |
| Staff of Teleportation | 2 | |
| Lesser Clarity Potion | 4 | |
| Potion of Mana | 1 | |
22 total
anynoob (
red | 24 APM | 1158 actions | 47:40)
6 Keeper of the Grove
3 Entangling Roots
1 Force of Nature
1 Tranquility
1 Thorns Aura
» actions
| Assign group hotkey | 1 | |
| Basic commands | 99 | |
| Build / train | 97 | |
| Enter build submenu | 28 | |
| Enter hero's abilities submenu | 7 | |
| Remove unit from queue | 9 | |
| Right click | 341 | |
| Select / deselect | 448 | |
| Select group hotkey | 5 | |
| Use ability | 123 | |
1158 total
» units
| Wisp | 26 | |
| Huntress | 5 | |
| Druid of the Claw | 6 | |
| Dryad | 13 | |
| Hippogryph | 6 | |
| Druid of the Talon | 3 | |
| Faerie Dragon | 1 | |
60 total
» upgrades
| Moon Armor | 1 | |
| Sentinel | 1 | |
| Ultravision | 1 | |
| Druid of the Claw Training | 2 | |
| Abolish Magic | 1 | |
| Strength of the Wild | 3 | |
| Mark of the Claw | 1 | |
| Reinforced Hides | 2 | |
| Druid of the Talon Training | 2 | |
| Mark of the Talon | 1 | |
15 total
» buildings
| Moon Well | 6 | |
| Altar of Elders | 1 | |
| Hunter's Hall | 1 | |
| Ancient of War | 1 | |
| Ancient of Wonders | 1 | |
| Ancient Protector | 8 | |
| Tree of Ages | 1 | |
| Tree of Life | 3 | |
| Tree of Eternity | 1 | |
| Ancient of Lore | 2 | |
| Ancient of Wind | 1 | |
26 total
» build order
00:30 Moon Well
00:37 Altar of Elders
01:35 Hunter's Hall
01:40 Ancient of War
01:48 Ancient of Wonders
02:35 Moon Well
02:54 Ancient Protector
03:44 Ancient Protector
04:49 Tree of Ages
04:55 Moon Well
06:07 Moon Well
06:21 Tree of Life
06:24 Ancient Protector
06:37 Ancient Protector
07:07 Moon Well
08:09 Tree of Eternity
09:38 Ancient of Lore
10:01 Ancient of Wind
10:14 Ancient of Lore
13:56 Moon Well
14:02 Ancient Protector
19:35 Tree of Life
27:40 Tree of Life
33:03 Ancient Protector
33:09 Ancient Protector
33:57 Ancient Protector
» items
| Potion of Healing | 2 | |
| Scroll of Town Portal | 1 | |
3 total
team 2 (winner)
xoxota (
green | 19 APM | 835 actions | 44:11)
6 Death Knight
2 Death Coil
3 Unholy Aura
1 Animate Dead
» actions
| Build / train | 80 | |
| Enter build submenu | 21 | |
| Enter hero's abilities submenu | 6 | |
| Remove unit from queue | 3 | |
| Right click | 348 | |
| Select / deselect | 307 | |
| Use ability | 70 | |
835 total
» units
| Acolyte | 8 | |
| Ghoul | 3 | |
| Crypt Fiend | 9 | |
| Gargoyle | 21 | |
| Frost Wyrm | 14 | |
55 total
» upgrades
| Creature Attack | 3 | |
| Creature Carapace | 3 | |
| Web | 1 | |
| Freezing Breath | 1 | |
8 total
» buildings
| Graveyard | 1 | |
| Crypt | 1 | |
| Altar of Darkness | 1 | |
| Ziggurat | 9 | |
| Halls of the Dead | 1 | |
| Black Citadel | 1 | |
| Sacrificial Pit | 1 | |
| Tomb of Relics | 1 | |
| Boneyard | 2 | |
18 total
» build order
00:36 Graveyard
00:43 Crypt
00:57 Altar of Darkness
01:19 Ziggurat
02:03 Ziggurat
03:40 Ziggurat
05:51 Halls of the Dead
05:58 Ziggurat
07:56 Ziggurat
08:02 Ziggurat
08:10 Ziggurat
08:13 Black Citadel
08:20 Sacrificial Pit
08:48 Tomb of Relics
09:47 Ziggurat
10:45 Boneyard
10:50 Boneyard
14:31 Ziggurat
» items
| Healing Salve | 1 | |
| Periapt of Vitality | 1 | |
| Potion of Lesser Invulnerability | 1 | |
| Orb of Lightning | 1 | |
| Scroll of Town Portal | 1 | |
5 total

»
Toe (
pink | 44 APM | 1467 actions | 33:17)
5 Warden
3 Shadow Strike
2 Fan of Knives
4 Naga Sea Witch
2 Frost Arrows
2 Forked Lightning
4 Pandaren Brewmaster
2 Breath of Fire
2 Drunken Haze
» actions
| Assign group hotkey | 44 | |
| Build / train | 81 | |
| ESC pressed | 1 | |
| Enter build submenu | 22 | |
| Enter hero's abilities submenu | 14 | |
| Give item / drop item | 5 | |
| Remove unit from queue | 2 | |
| Right click | 767 | |
| Select / deselect | 330 | |
| Select group hotkey | 62 | |
| Use ability | 139 | |
1467 total
» units
| Wisp | 17 | |
| Archer | 1 | |
| Dryad | 12 | |
| Druid of the Claw | 4 | |
34 total
» upgrades
| Strength of the Wild | 3 | |
| Abolish Magic | 1 | |
| Druid of the Claw Training | 2 | |
| Reinforced Hides | 3 | |
| Mark of the Claw | 1 | |
10 total
» buildings
| Altar of Elders | 1 | |
| Moon Well | 8 | |
| Ancient of War | 3 | |
| Tree of Ages | 1 | |
| Hunter's Hall | 1 | |
| Ancient of Wonders | 1 | |
| Ancient of Lore | 3 | |
| Tree of Life | 4 | |
| Tree of Eternity | 1 | |
23 total
» build order
00:04 Altar of Elders
00:17 Moon Well
00:41 Ancient of War
01:46 Moon Well
02:36 Tree of Ages
03:40 Hunter's Hall
04:06 Moon Well
04:10 Ancient of Wonders
05:03 Ancient of Lore
05:08 Ancient of Lore
06:45 Tree of Life
07:34 Tree of Eternity
10:39 Moon Well
11:56 Moon Well
13:55 Ancient of Lore
22:37 Moon Well
22:39 Moon Well
24:03 Moon Well
26:36 Tree of Life
27:33 Tree of Life
28:33 Ancient of War
28:36 Ancient of War
29:58 Tree of Life
» items
| Boots of Speed | 2 | |
| Potion of Lesser Invulnerability | 2 | |
| Scroll of Protection | 1 | |
| Scroll of Town Portal | 3 | |
| Orb of Venom | 1 | |
| Dust of Appearance | 2 | |
11 total
StanisBaratheon (
purple | 57 APM | 2556 actions | 44:52)
3 Mountain King
2 Storm Bolt
1 Thunder Clap
» actions
| Basic commands | 70 | |
| Build / train | 139 | |
| ESC pressed | 24 | |
| Enter build submenu | 50 | |
| Enter hero's abilities submenu | 3 | |
| Remove unit from queue | 9 | |
| Right click | 984 | |
| Select / deselect | 1146 | |
| Use ability | 127 | |
2556 total
» units
| Peasant | 65 | |
| Footman | 11 | |
| Mortar Team | 3 | |
79 total
» upgrades
| Masonry | 1 | |
| Fragmentation Shards | 1 | |
2 total
» buildings
| Altar of Kings | 1 | |
| Barracks | 1 | |
| Farm | 4 | |
| Lumber Mill | 3 | |
| Keep | 2 | |
| Scout Tower | 30 | |
| Guard Tower | 36 | |
| Town Hall | 3 | |
| Arcane Tower | 4 | |
| Blacksmith | 2 | |
| Castle | 1 | |
| Workshop | 1 | |
| Cannon Tower | 1 | |
89 total
» build order
00:12 Altar of Kings
00:14 Barracks
00:24 Farm
00:39 Farm
05:16 Lumber Mill
05:22 Lumber Mill
05:52 Farm
06:59 Keep
07:48 Scout Tower
07:49 Scout Tower
07:51 Scout Tower
09:34 Scout Tower
10:10 Guard Tower
10:10 Guard Tower
10:14 Town Hall
10:51 Scout Tower
10:53 Scout Tower
11:44 Guard Tower
11:44 Guard Tower
11:46 Scout Tower
11:48 Scout Tower
12:17 Guard Tower
12:18 Guard Tower
12:18 Guard Tower
15:56 Scout Tower
15:57 Scout Tower
22:33 Scout Tower
22:38 Scout Tower
22:39 Scout Tower
22:44 Scout Tower
23:17 Guard Tower
23:17 Guard Tower
23:18 Guard Tower
23:37 Guard Tower
23:37 Guard Tower
24:38 Guard Tower
24:38 Guard Tower
26:02 Town Hall
28:38 Scout Tower
28:39 Scout Tower
29:11 Guard Tower
29:11 Guard Tower
29:19 Scout Tower
31:14 Arcane Tower
31:15 Arcane Tower
31:15 Arcane Tower
31:27 Guard Tower
31:28 Guard Tower
32:13 Scout Tower
32:21 Scout Tower
32:46 Guard Tower
32:46 Guard Tower
32:55 Scout Tower
32:58 Scout Tower
32:59 Guard Tower
32:59 Guard Tower
33:24 Guard Tower
33:24 Guard Tower
33:26 Scout Tower
33:29 Scout Tower
33:31 Guard Tower
33:31 Guard Tower
34:04 Guard Tower
34:05 Guard Tower
34:05 Guard Tower
34:08 Scout Tower
34:10 Guard Tower
34:10 Guard Tower
34:10 Guard Tower
34:12 Scout Tower
34:34 Keep
34:41 Guard Tower
34:45 Farm
35:23 Guard Tower
35:30 Scout Tower
35:33 Scout Tower
35:57 Lumber Mill
36:03 Scout Tower
36:07 Scout Tower
38:30 Blacksmith
38:33 Blacksmith
38:37 Arcane Tower
38:40 Castle
39:04 Workshop
39:16 Scout Tower
41:35 Town Hall
42:22 Cannon Tower
DoDaDip (
orange | 62 APM | 2972 actions | 47:41)
10 Blademaster
3 Wind Walk
3 Critical Strike
1 Bladestorm
3 Mirror Image
» actions
| Assign group hotkey | 189 | |
| Basic commands | 151 | |
| Build / train | 132 | |
| Enter build submenu | 62 | |
| Enter hero's abilities submenu | 10 | |
| Give item / drop item | 11 | |
| Remove unit from queue | 1 | |
| Right click | 1405 | |
| Select / deselect | 471 | |
| Select group hotkey | 304 | |
| Use ability | 236 | |
2972 total
» units
| Peon | 28 | |
| Grunt | 4 | |
| Troll Batrider | 15 | |
| Wind Rider | 3 | |
| Troll Witch Doctor | 3 | |
| Demolisher | 6 | |
59 total
» upgrades
| Ranged Weapons | 3 | |
| Reinforced Defenses | 1 | |
| Armor | 3 | |
| Troll Regeneration | 1 | |
| Liquid Fire | 1 | |
| Envenomed Spears | 1 | |
| Ensnare | 1 | |
| Pillage | 1 | |
| Melee Weapons | 3 | |
| Spiked Barricades | 3 | |
| Witch Doctor Training | 2 | |
| Burning Oil | 1 | |
21 total
» buildings
| Orc Burrow | 6 | |
| Altar of Storms | 1 | |
| Barracks | 6 | |
| Voodoo Lounge | 2 | |
| Stronghold | 1 | |
| Great Hall | 6 | |
| War Mill | 2 | |
| Watch Tower | 42 | |
| Beastiary | 4 | |
| Fortress | 3 | |
| Spirit Lodge | 1 | |
74 total
» build order
00:10 Orc Burrow
00:54 Orc Burrow
01:06 Altar of Storms
01:07 Barracks
01:38 Voodoo Lounge
02:48 Stronghold
04:24 Great Hall
04:40 War Mill
04:41 Orc Burrow
06:33 Great Hall
06:36 Watch Tower
06:37 Watch Tower
06:37 Watch Tower
06:39 Watch Tower
07:02 Beastiary
07:15 Beastiary
07:52 Orc Burrow
10:00 Fortress
10:00 Fortress
10:00 Fortress
12:59 War Mill
13:43 Beastiary
13:45 Beastiary
16:32 Great Hall
16:35 Watch Tower
16:35 Watch Tower
16:36 Watch Tower
16:36 Watch Tower
16:37 Watch Tower
16:37 Watch Tower
16:37 Watch Tower
16:38 Watch Tower
16:39 Watch Tower
16:39 Watch Tower
16:40 Watch Tower
16:41 Voodoo Lounge
18:34 Watch Tower
18:36 Watch Tower
18:39 Watch Tower
18:40 Watch Tower
18:43 Spirit Lodge
18:45 Watch Tower
22:39 Watch Tower
22:39 Watch Tower
22:40 Watch Tower
22:40 Watch Tower
22:41 Watch Tower
22:43 Watch Tower
22:43 Watch Tower
22:44 Watch Tower
23:53 Great Hall
23:56 Watch Tower
23:57 Watch Tower
23:57 Watch Tower
23:57 Watch Tower
25:48 Watch Tower
25:49 Watch Tower
32:25 Orc Burrow
32:29 Orc Burrow
35:01 Great Hall
36:24 Great Hall
36:26 Watch Tower
36:26 Watch Tower
36:27 Watch Tower
36:27 Watch Tower
36:28 Watch Tower
36:28 Watch Tower
36:29 Watch Tower
36:30 Watch Tower
39:50 Barracks
39:51 Barracks
39:51 Barracks
39:52 Barracks
39:59 Barracks
» items
| Healing Salve | 7 | |
| Lesser Clarity Potion | 7 | |
| Potion of Mana | 10 | |
| Orb of Lightning | 1 | |
| Periapt of Vitality | 2 | |
| Potion of Healing | 6 | |
| Staff of Teleportation | 2 | |
| Potion of Lesser Invulnerability | 1 | |
36 total
Chat log
(02:05 / All) 4v4zzz: ?
(02:06 / All) 4v4zzz: excuse?
(02:40 / Allies) StanisBaratheon: wood plz
(03:19 / All) DoDaDip: you a book reader or a show watcher purp
(03:32 / All) StanisBaratheon: both
(03:34 / All) DoDaDip: show did Stannis dirty
(03:42 / Allies) StanisBaratheon: 100 wood for 100 gold
(03:51 / All) FIX-URNET-BOB: he didnt
(04:45 / All) 4v4zzz: Shame i didnt creep jack u purple
(04:59 / All) 4v4zzz: i must have been creeping shop
(05:07 / All) 4v4zzz: At the time
(06:04 / Allies) DoDaDip: 10000% hack
(06:08 / All) StanisBaratheon: Looks like yellow is a trouble maker
(06:10 / All) FIX-URNET-BOB: wood
(06:11 / All) FIX-URNET-BOB: wood
(06:21 / All) 4v4zzz: this is a exbo map
(06:26 / All) 4v4zzz: hence why i check peoples exbos
(06:27 / All) 4v4zzz: XD
(06:38 / Allies) StanisBaratheon: attack yellow
(06:58 / Allies) DoDaDip: gold?
(07:06 / Allies) StanisBaratheon: orange come
(07:20 / Allies) DoDaDip: he's probably bat mh
(07:22 / Allies) DoDaDip: I get bats too
(07:35 / Allies) StanisBaratheon: out
(08:30 / Allies) StanisBaratheon: tp
(08:31 / All) StanisBaratheon: T
(08:33 / Allies) StanisBaratheon: theyre all here
(08:38 / Allies) Toe: anyone got lumb
(08:49 / Allies) Toe: its jsut two
(09:02 / All) DoDaDip: help fucking retards don't walk
(09:45 / Allies) Toe: lumb please
(09:48 / Allies) Toe: ill give gold
(10:04 / Allies) StanisBaratheon: gold
(10:28 / Allies) StanisBaratheon: wood
(11:40 / All) 4v4zzz: gg
(12:03 / Allies) StanisBaratheon: pink troop in base
(12:11 / Allies) Toe: ty
(12:29 / All) DoDaDip: I had close to wind walk what the fuck happen to it
(12:31 / Allies) Toe: go orange
(14:38 / Allies) StanisBaratheon: green go help them
(15:39 / Allies) Toe: gold for lumb
(16:20 / Allies) Toe: orange little lumb please
(16:47 / All) 4v4zzz: seriously
(16:48 / All) 4v4zzz: blue
(16:56 / All) 4v4zzz: uninstall wc
(16:57 / All) 4v4zzz: 3
(17:28 / Allies) DoDaDip: I need lumbers too
(17:38 / Allies) StanisBaratheon: some1 help me with this little problem i have
(18:53 / Allies) StanisBaratheon: any1 have 400 gold?
(19:12 / Allies) StanisBaratheon: 300 lumbuer
(20:31 / All) FIX-URNET-BOB: seriously green
(20:34 / All) FIX-URNET-BOB: i know 100% u hack
(23:42 / Allies) StanisBaratheon: lumbur
(23:43 / Allies) StanisBaratheon: gold
(23:58 / Allies) StanisBaratheon: nm im done
(24:12 / All) StanisBaratheon: They keep wasting their time on me
(24:18 / All) 4v4zzz: blue has 9k
(24:53 / Allies) StanisBaratheon: i need lumber to rebuild town hall
(25:10 / Allies) StanisBaratheon: lumber ill give gold
(25:36 / Allies) StanisBaratheon: lumber plz
(27:46 / Allies) Toe: anyone have units?
(27:53 / Allies) StanisBaratheon: no ive been dead all game
(28:41 / Allies) Toe: they might win
(28:46 / All) StanisBaratheon: they already have
(29:00 / Allies) Toe: orange
(29:02 / Allies) Toe: gold please
(29:08 / Allies) StanisBaratheon: yeah orange
(29:08 / Allies) StanisBaratheon: gold
(29:27 / Allies) StanisBaratheon: gold pzl
(29:39 / Allies) StanisBaratheon: orange?
(29:48 / Allies) xoxota: gg
(29:50 / Allies) Toe: orange gold please
(29:51 / Allies) Toe: cmon
(30:00 / Allies) xoxota: worst shit team ever
(30:56 / Allies) Toe: dude orange
(30:57 / Allies) Toe: wtf
(31:18 / Allies) xoxota: he join games to fuck
(31:19 / Allies) xoxota: ok
(31:21 / Allies) xoxota: lets fuck
(31:47 / All) StanisBaratheon: orange your an ass
(32:03 / All) StanisBaratheon: Actually I think he left
(32:16 / Allies) Toe: no he using his bm
(32:26 / All) Toe: orange has 16k gold
(32:38 / All) Toe: n
(33:11 / Allies) Toe: ur an ass
(33:13 / All) StanisBaratheon: Only this game
(34:13 / All) Zero3: lawl
(34:34 / All) Zero3: the only way you can win is with a troll plant XD
(34:38 / All) Zero3: fucking scrubs
(34:44 / All) 4v4zzz: yea
(34:52 / All) 4v4zzz: should have tked blue first 5 minutes
(34:54 / All) StanisBaratheon: Thats really too bad
(34:57 / All) 4v4zzz: when he started spamming towers
(35:07 / All) Zero3: i didnt even notice
(35:11 / All) DoDaDip: shoulda woulda coulda
(35:16 / All) Zero3: figured all the children would be in bed by this time
(35:20 / All) Zero3: guess someones mom is out late
(35:21 / All) 4v4zzz: blue and oranges play style exactly the same
(35:27 / All) DoDaDip: stop your bellyaching and leave bitches
(35:30 / All) 4v4zzz: nah
(35:33 / All) 4v4zzz: ima stay
(35:35 / All) 4v4zzz: waste ur time
(35:38 / All) DoDaDip: you like being raped by me?
(35:42 / All) 4v4zzz: ill be on youtube'
(35:49 / All) Zero3: xD
(35:58 / All) Zero3: youre a scrub oj
(36:03 / All) xoxota: I will fuck all games after this
(36:04 / All) Zero3: hilarious
(36:33 / All) 4v4zzz: Trolls like a noob
(36:40 / All) 4v4zzz: a pro troll would tower all our bases
(36:42 / All) 4v4zzz: And then tk'
(36:58 / All) DoDaDip: yellow is an expert
(37:01 / All) Zero3: well when you cant win a game i guess being a scrub troll is the next best thing
(37:01 / All) DoDaDip: even tho he got easily dispatched
(37:04 / All) DoDaDip: like a total scrub
(37:12 / All) 4v4zzz: lost 4v2
(37:23 / All) DoDaDip: you lost 1v1 vs me noob
(37:34 / All) 4v4zzz: um no lol
(37:40 / All) DoDaDip: Easily raped
(37:46 / All) 4v4zzz: u killed some of my wyvs with bats
(37:47 / All) 4v4zzz: gj
(37:51 / All) DoDaDip: Easily raped
(37:57 / All) DoDaDip: anal raped no lube
(38:04 / All) DoDaDip: See
(38:05 / All) 4v4zzz: k afk time
(38:08 / All) DoDaDip: like so
(38:11 / All) FIX-URNET-BOB: "afk"
(38:16 / All) FIX-URNET-BOB: aka never leaves
(40:03 / All) FIX-URNET-BOB: it wasnt personal, purple
(40:10 / All) StanisBaratheon: duh
(40:18 / All) StanisBaratheon: It happens when you take chances
(41:58 / All) FIX-URNET-BOB: die dwarf
(43:19 / All) anynoob: HHAHAHAHA NOOOOOOOOOOOOOB
(43:41 / All) FIX-URNET-BOB: that's the first time he talked all game
(44:55 / All) anynoob: CUNTS ON MY TEAM NOT WORTH TALKING TOO
(44:56 / All) DoDaDip: lawl
(45:16 / All) FIX-URNET-BOB: finish teal top right if u can. red is only one left
(45:18 / All) DoDaDip: purple dun fucked it up for everbody
(45:57 / All) DoDaDip: how much gold u got
(46:07 / All) FIX-URNET-BOB: 10k
(46:11 / All) DoDaDip: 25k